 Dungeon Sprint DCSS version 0.19-a0-1714-gcab94ab (webtiles) character file.

896 Theye the Carver (level 8, -8/76 HPs)
             Began as a Naga Gladiator on Sept 28, 2016.
             Was a Believer of Cheibriados.
             Mangled by a catoblepas (9 damage)
             ... in the Dungeon (Sprint IX: "|||||||||||||||||||||||||||||").
             The game lasted 00:01:32 (722 turns).

Theye the Carver (Naga Gladiator)                    Turns: 722, Time: 00:01:33

Health: -8/76      AC: 14    Str: 27    XL:     8   Next: 7%
Magic:  9/12       EV:  1    Int: 13    God:    Cheibriados [**....]
Gold:   0          SH:  0    Dex: 15    Spells: 0 memorised, 7 levels left

rFire  . . .     SeeInvis +     o - +2 scimitar (holy)
rCold  . . .     Gourm    .     q - +1 chain mail
rNeg   + + +     Faith    .     (no shield)
rPois  ∞         Spirit   .     c - +0 helmet
rElec  .         Dismiss  .     (no cloak)
rCorr  .         Reflect  .     p - +0 pair of gloves
MR     +....     Harm     .     (no barding)
Stlth  .......... NoTele   +    (no amulet)
                                r - +2 ring of protection
                                s - +3 ring of strength

@: petrified, very slow
A: see invisible, deformed body, poison resistance, slowness 2, slow metabolism
1, spit poison 1, AC +2
a: Spit Poison, Bend Time, Renounce Religion


You were in the Dungeon.
You worshipped Cheibriados.
Cheibriados was pleased with you.
You were not hungry.

You visited 1 branch

Inventory:

Hand Weapons
 a - a +0 long sword
 o - a +2 scimitar of holy wrath (weapon)
Missiles
 d - 3 throwing nets (quivered)
Armour
 b - a +0 leather armour
 c - a +0 helmet (worn)
 p - a +0 pair of gloves (worn)
 q - a +1 chain mail (worn)
Jewellery
 r - a +2 ring of protection (right hand)
 s - a +3 ring of strength (left hand)
Wands
 n - a wand of iceblast (7/15)
Scrolls
 k - 2 scrolls of blinking
 l - 3 scrolls of remove curse
 m - 2 scrolls of amnesia
Potions
 e - 5 potions of curing
 g - 2 potions of heal wounds
 i - 4 potions of magic
Comestibles
 f - a bread ration


   Skills:
 + Level 5.8 Fighting
 * Level 12.9 Long Blades
 - Level 1.7 Throwing
 + Level 4.2 Armour
 + Level 5.4 Dodging
 - Level 1.4 Stealth
 * Level 6.1 Invocations


You had 7 spell levels left.
You didn't know any spells.

Dungeon Overview and Level Annotations

Branches:
Dungeon (1/1)

Altars:
Cheibriados
Dithmenos
Elyvilon
Fedhas
Gozag
Hepliaklqana
Kikubaaqudgha
Makhleb
Nemelex Xobeh
Okawaru
Qazlal
Ru
Sif Muna
Trog
Uskayaw
Vehumet
Xom
Yredelemnul
Zin
The Shining One
Beogh
Jiyva
Lugonu


Innate Abilities, Weirdness & Mutations

You cannot wear boots.
Your serpentine skin is tough. (AC +2)
You have supernaturally acute eyesight. (SInv)
Armour fits poorly on your strangely shaped body.
Your system is resistant to poisons. (rPois)
You cover ground very slowly.
You have a slow metabolism.
You can spit poison.


Message History

You are slowing down.
Unknown command.
The flow of time bends around you.
Cheibriados rebukes the catoblepas.
The catoblepas seems to slow down.
You feel slightly more hungry.
Cheibriados lowers the support of your attributes as your movement quickens.
You are engulfed in calcifying dust.
Your limbs have turned to stone.
The wasp is no longer petrified.
The catoblepas gores you!
* * * LOW HITPOINT WARNING * * *
The catoblepas gores you but does no damage.
You have turned to stone.
You are engulfed in calcifying dust. x2
The catoblepas gores you!!
* * * LOW HITPOINT WARNING * * *
The orc wizard casts a spell.
The orc wizard blinks!
You are engulfed in calcifying dust.
The catoblepas gores you!
* * * LOW HITPOINT WARNING * * *
The catoblepas gores you!!
You die... ▓▓▓▓▓▓▓▓▓▓▓▓▓▓▓▓▓▓▓▓▓▓▓▓▓ ...oyFyY@...§§)(.[()|..'. ▓▓▓▓▓▓▓▓▓▓▓▓▓▓▓▓▓▓▓▓▓▓▓▓▓

You could see a catoblepas, a bullfrog, 2 wasps and an orc wizard.

Vanquished Creatures
  A hill giant (D)
  A hippogriff (D)
  A wraith (D)
  A big kobold (D)
  A howler monkey (D)
  A crimson imp (D)
  An adder (D)
  An ooze (D)
  A dart slug (D)
  2 orcs (D)
  A ball python skeleton (D)
  A bat (D)
  2 kobolds (D)
  2 rats (D)
17 creatures vanquished.

Notes
Turn   | Place    | Note
-------+----------+-------------------------------------------
     0 | D        | Theye the Naga Gladiator began the quest for the Orb.
     0 | D        | Reached XP level 1. HP: 19/19 MP: 1/1
   244 | D        | Noticed a howler monkey
   249 | D        | Reached skill level 4 in Long Blades
   249 | D        | Reached XP level 2. HP: 26/27 MP: 2/2
   253 | D        | Killed a howler monkey
   253 | D        | Reached skill level 6 in Long Blades
   253 | D        | Reached skill level 1 in Armour
   253 | D        | Reached XP level 3. HP: 28/34 MP: 3/3
   297 | D        | Found a roughly hewn altar of Beogh.
   297 | D        | Found a snail-covered altar of Cheibriados.
   297 | D        | Found a shadowy altar of Dithmenos.
   297 | D        | Found a white marble altar of Elyvilon.
   297 | D        | Found a blossoming altar of Fedhas.
   297 | D        | Found an opulent altar of Gozag.
   298 | D        | Found a hazy altar of Hepliaklqana.
   299 | D        | Found a viscous altar of Jiyva.
   300 | D        | Found an ancient bone altar of Kikubaaqudgha.
   301 | D        | Became a worshipper of Cheibriados the Contemplative
   302 | D        | Found a corrupted altar of Lugonu.
   303 | D        | Found a burning altar of Makhleb.
   304 | D        | Found a sparkling altar of Nemelex Xobeh.
   305 | D        | Found an iron altar of Okawaru.
   306 | D        | Found a stormy altar of Qazlal.
   307 | D        | Found a sacrificial altar of Ru.
   308 | D        | Found a deep blue altar of Sif Muna.
   309 | D        | Found a bloodstained altar of Trog.
   310 | D        | Found a hide-covered altar of Uskayaw.
   311 | D        | Found a radiant altar of Vehumet.
   312 | D        | Found a shimmering altar of Xom.
   313 | D        | Found a basalt altar of Yredelemnul.
   314 | D        | Found a glowing silver altar of Zin.
   315 | D        | Found a glowing golden altar of the Shining One.
   361 | D        | Noticed a hill giant
   361 | D        | Noticed a wraith
   361 | D        | Noticed a big kobold
   362 | D        | Reached skill level 1 in Stealth
   364 | D        | Reached * piety under Cheibriados
   364 | D        | Reached skill level 7 in Long Blades
   364 | D        | Reached XP level 4. HP: 36/43 MP: 4/4
   384 | D        | Killed a big kobold
   384 | D        | Reached ** piety under Cheibriados
   384 | D        | Reached skill level 8 in Long Blades
   384 | D        | Reached XP level 5. HP: 45/50 MP: 4/6
   392 | D        | Killed a wraith
   392 | D        | Reached skill level 10 in Long Blades
   392 | D        | Reached XP level 6. HP: 37/58 MP: 5/9
   393 | D        | Was placed under penance by Cheibriados
   395 | D        | HP: 2/87 [hill giant/giant club (9)]
   396 | D        | Killed a hill giant
   396 | D        | Was forgiven by Cheibriados
   396 | D        | Reached skill level 5 in Fighting
   396 | D        | Reached skill level 12 in Long Blades
   396 | D        | Reached skill level 5 in Dodging
   396 | D        | Reached skill level 5 in Invocations
   396 | D        | Reached XP level 7. HP: 2/68 MP: 5/11
   698 | D        | Noticed a catoblepas
   698 | D        | Noticed a hippogriff
   702 | D        | Killed a hippogriff
   702 | D        | Reached XP level 8. HP: 66/76 MP: 12/12
   720 | D        | HP: 1/76 [catoblepas (7)]
   722 | D        | Mangled by a catoblepas

Vault maps used:
D:        linesprint

Skill      XL: |  1  2  3  4  5  6  7 |
---------------+----------------------+-----
Long Blades    | 4 6 7 8 10 12 | 12.9
Dodging        | 3 4 5 |  5.4
Fighting       | 3 4 5 |  5.8
Armour         | 1 2 3 4 |  4.2
Stealth        | 1 |  1.4
Invocations    | 2 4 5 6 |  6.1
Throwing       | |  1.7

Action                   |  1- 3 |  4- 6 |  7- 9 || total
-------------------------+-------+-------+-------++-------
Melee: Long sword        |    29 |       |       ||    29
       Scimitar          |     3 |    35 |     7 ||    45
Invok: Bend Time         |       |       |     1 ||     1
  Use: Potion            |     2 |     1 |     1 ||     4
 Stab: Invisible         |       |     3 |       ||     3
       Petrifying        |       |       |     2 ||     2
       Petrified         |       |       |     1 ||     1
Armor: Leather armour    |     2 |       |       ||     2
       Chain mail        |     2 |    13 |     8 ||    23
Dodge: Dodged            |    13 |    13 |     2 ||    28
